 Dungeon Crawl Stone Soup version 0.27.0-1-g7a089689b8 (webtiles) character file.

Game seed: 10006261864455559842

5018 mndeal the Basher (level 10, -3/96 HPs)
             Began as a Troll Berserker on Aug 9, 2021.
             Was an Elder of Trog.
             Slain by a two-headed ogre (29 damage)
             ... on level 9 of the Dungeon.
             The game lasted 00:28:17 (7365 turns).

mndeal the Basher (Troll Berserker)                 Turns: 7365, Time: 00:28:18

Health: -3/96      AC:  6    Str: 29    XL:     10   Next: 30%
Magic:  9/9        EV: 16    Int:  4    God:    Trog [****..]
Gold:   292        SH:  5    Dex: 15    Spells: 9/9 levels left

rFire    . . .     SeeInvis .   C - +1 giant spiked club
rCold    . . .     Faith    .   (shield currently unavailable)
rNeg     . . .     Spirit   .   s - +2 robe {Will+}
rPois    .         Reflect  +   (helmet restricted)
rElec    .         Harm     .   (no cloak)
rCorr    .         Rampage  .   (gloves unavailable)
Will     +....                  (boots unavailable)
Stlth    +.........             z - amulet of reflection
HPRegen  1.26/turn              r - +6 ring of dexterity
MPRegen  0.11/turn              E - +4 ring of evasion

@: no status effects
A: large, unfitting armour, claws 3, regeneration 1, shaggy fur 1, tough skin 1
a: Renounce Religion, Berserk, Trog's Hand, Brothers in Arms


You were on level 9 of the Dungeon.
You worshipped Trog.
Trog was greatly pleased with you.
You visited 1 branch of the dungeon, and saw 9 of its levels.

You collected 373 gold pieces.
You spent 81 gold pieces at shops.

Inventory:

Hand Weapons
 k - a +2 mace of distortion
 C - a +1 giant spiked club (weapon)
Missiles
 e - 201 stones
 n - a large rock
 y - 8 boomerangs of dispersal
 A - 73 poisoned darts
 F - 5 boomerangs (quivered)
Armour
 s - a +2 robe of willpower (worn)
 v - +0 steam dragon scales
Jewellery
 r - a +6 ring of dexterity (left claw)
 x - a ring of magical power
 z - an amulet of reflection (around neck)
 E - a +4 ring of evasion (right claw)
Wands
 o - a wand of flame (18)
 D - a wand of iceblast (11)
Scrolls
 a - a scroll of fog {unknown}
 d - 2 scrolls of holy word
 f - a scroll of vulnerability
 g - a scroll of enchant weapon
 h - 3 scrolls of teleportation
 j - 3 scrolls of immolation
 l - a scroll of enchant armour {unknown}
 m - a scroll of amnesia {unknown}
 p - a scroll of torment {unknown}
 q - a scroll of blinking {unknown}
 t - a scroll of silence {unknown}
 u - a scroll of brand weapon {unknown}
Potions
 b - a potion of cancellation
 c - 5 potions of curing
 i - 2 potions of attraction
 w - a potion of might
 B - a potion of heal wounds {unknown}


   Skills:
 + Level 5.1 Fighting
 - Level 12.0 Maces & Flails
 + Level 5.6 Dodging


You had 9 spell levels left.
You didn't know any spells.
Your spell library was empty.

Dungeon Overview and Level Annotations

Branches:
Dungeon (9/15)             Temple (0/1) D:7
   Lair: D:8-11         Orc: D:9-12

Altars:
Kikubaaqudgha
Okawaru
Ru
Vehumet
The Shining One

Shops:
D:6 *


Innate Abilities, Weirdness & Mutations

You are too large for most types of armour.
You have claws for hands.
Your natural rate of healing is unusually fast.
You are covered in fur. (AC +1)
You have tough skin. (AC +1)


Message History

Throw: 5 boomerangs
Press: ? - help, Q - select action, (/) - cycle Shift-Dir - straight line, f/p - two-headed ogre
Aim: a two-headed ogre, wielding a +0 giant club and a +0 giant spiked club (75% to hit)
You throw a boomerang.
The boomerang hits the two-headed ogre but does no damage.
Throw: 5 boomerangs
Press: ? - help, Q - select action, (/) - cycle Shift-Dir - straight line, f/p - two-headed ogre
Aim: a two-headed ogre, wielding a +0 giant club and a +0 giant spiked club (75% to hit)
You throw a boomerang. The boomerang hits the two-headed ogre.
The two-headed ogre is lightly wounded.
You hit the two-headed ogre.
The two-headed ogre is lightly wounded.
The two-headed ogre hits you with a +0 giant club!!
The two-headed ogre misses you.
You barely miss the two-headed ogre.
The two-headed ogre is lightly wounded.
You block the two-headed ogre's attack. The two-headed ogre misses you.
You impale the two-headed ogre!!
The two-headed ogre is severely wounded.
You block the two-headed ogre's attack.
The two-headed ogre hits you with a +0 giant spiked club!
You barely miss the two-headed ogre.
The two-headed ogre is severely wounded.
The two-headed ogre closely misses you.
The two-headed ogre hits you with a +0 giant spiked club!!
You barely miss the two-headed ogre.
The two-headed ogre is severely wounded.
The two-headed ogre barely misses you. The two-headed ogre misses you.
You sock the two-headed ogre!
The two-headed ogre is almost dead.
The two-headed ogre hits you with a +0 giant club!
* * * LOW HITPOINT WARNING * * *
The two-headed ogre misses you.
You barely miss the two-headed ogre.
The two-headed ogre is almost dead.
You block the two-headed ogre's attack. The two-headed ogre misses you.
You hit the two-headed ogre.
The two-headed ogre is almost dead.
The two-headed ogre hits you with a +0 giant club!!
You die...

.. ...... .......
.##.##...#. ......#
...##......# .....#
...........###.....#.
.....................
...............<.....
.....................
.............@O......
.....................
.................!...
.$...................
.....................
.....................
...#.........#.......
#. ###.#..#.#........
. ##..............


You could see a two-headed ogre.

Vanquished Creatures
  A two-headed ogre (D:8)
  A wraith (D:9)
  A wyvern (D:8)
  3 steam dragons
  3 water moccasins (D:5)
  An orc warrior (D:8)
  2 sky beasts
  A black bear (D:6)
  3 ogres
  2 ice beasts (D:5)
  3 necrophages
  2 centaurs
  A phantom (D:6)
  3 kobold brigands
  2 gnoll sergeants
  2 bullfrogs
  2 wyvern zombies
  2 scorpions
  A water moccasin zombie (D:5)
  5 wights
  4 howler monkeys (D:8)
  2 jellies
  A centaur zombie (D:6)
  A bullfrog skeleton (D:4)
  3 hounds
  9 orc priests
  3 centaur skeletons
  4 iguanas
  A scorpion zombie (D:5)
  5 orc wizards
  A hound skeleton (D:4)
  6 gnolls
  3 adders
  2 white imps (D:7)
  An ufetubus (D:7)
  2 worms
  4 dart slugs
  23 orcs
  7 bats
  9 endoplasms
  4 giant cockroaches
  10 goblins
  3 hobgoblins
  21 kobolds
  A quokka (D:3)
  3 ball pythons
  A frilled lizard (D:2)
  5 rats (D:1)
180 creatures vanquished.

Vanquished Creatures (others)
  2 plants (D:4)
2 creatures vanquished.

Grand Total: 182 creatures vanquished

Notes
Turn   | Place    | Note
-------+----------+-------------------------------------------
     0 | D:1      | mndeal the Troll Berserker began the quest for the Orb.
     0 | D:1      | Reached XP level 1. HP: 22/22 MP: 0/0
    61 | D:1      | Reached skill level 3 in Maces & Flails
   134 | D:1      | Reached XP level 2. HP: 29/29 MP: 1/1
   209 | D:1      | You fall into a shaft and drop 1 floor!
   334 | D:2      | Reached XP level 3. HP: 36/36 MP: 2/2
   728 | D:1      | Reached skill level 4 in Maces & Flails
   747 | D:1      | Reached ** piety under Trog
  1653 | D:3      | Noticed an ogre
  1664 | D:3      | Killed an ogre
  1665 | D:3      | Reached skill level 5 in Maces & Flails
  1665 | D:3      | Reached XP level 4. HP: 43/44 MP: 3/3
  1665 | D:3      | Reached XP level 5. HP: 49/50 MP: 4/4
  1970 | D:3      | Found an iron altar of Okawaru.
  1978 | D:3      | Noticed a sky beast
  1997 | D:3      | Killed a sky beast
  1998 | D:3      | Reached skill level 6 in Maces & Flails
  2697 | D:4      | Reached XP level 6. HP: 59/59 MP: 5/5
  2753 | D:4      | Found a glowing golden altar of the Shining One.
  2853 | D:4      | Reached skill level 7 in Maces & Flails
  3393 | D:4      | Found an ancient bone altar of Kikubaaqudgha.
  3444 | D:5      | Entered Level 5 of the Dungeon
  3445 | D:5      | Noticed a sky beast
  3453 | D:5      | Killed a sky beast
  3454 | D:5      | Reached XP level 7. HP: 66/66 MP: 6/6
  3507 | D:5      | Reached skill level 8 in Maces & Flails
  3762 | D:5      | Reached skill level 9 in Maces & Flails
  3762 | D:5      | Reached XP level 8. HP: 66/74 MP: 7/7
  3883 | D:5      | Reached *** piety under Trog
  4003 | D:5      | Reached skill level 10 in Maces & Flails
  4353 | D:5      | Reached skill level 11 in Maces & Flails
  4353 | D:5      | Reached XP level 9. HP: 80/80 MP: 8/8
  4776 | D:6      | Found a sacrificial altar of Ru.
  4828 | D:6      | Reached **** piety under Trog
  5022 | D:6      | Found Torer's Assorted Antiques.
  5025 | D:6      | Bought a scroll of teleportation for 81 gold pieces
  5887 | D:7      | Found a staircase to the Ecumenical Temple.
  6225 | D:7      | Found a radiant altar of Vehumet.
  6350 | D:8      | Noticed a two-headed ogre
  6356 | D:8      | Killed a two-headed ogre
  6357 | D:8      | Reached skill level 12 in Maces & Flails
  6683 | D:8      | Reached XP level 10. HP: 91/92 MP: 9/9
  6967 | D:8      | Reached skill level 5 in Dodging
  7296 | D:9      | Reached skill level 5 in Fighting
  7353 | D:9      | Noticed a two-headed ogre
  7365 | D:9      | Slain by a two-headed ogre

Illustrated notes

Levels and vault maps discovered:
D:1:      dpeg_arrival_round_c, layout_basic, minmay_surrounded
D:2:      layout_loops_ring
D:3:      layout_loops_corners, okawaru_ov_weapons_minmay, minmay_misc_feat_x
D:4:      layout_loops_ring, mainiacjoe_overflow_alcove_4, tso_oasis_becter
D:5:      minmay_chambers_of_fours, layout_cave_pools
D:6:      layout_basic, nicolae_ru_great_annihilating_truth, serial_shops,
          kennysheep_mini, abandoned_shop
D:7:      layout_basic, nicolae_vehumet_altar_sigil,
          minmay_temple_entry_proselytizer
D:8:      layout_cave_pods, bh_walls_and_bars
D:9:      layout_cross, minmay_misc_feat_chi

Skill      XL: |  1  2  3  4  5  6  7  8  9 10 |
---------------+-------------------------------+-----
Maces & Flails | 3 5 6 7 9 11 12 | 12.0
Fighting       | 4 5 |  5.1
Dodging        | 4 5 |  5.6

Action                   |  1- 3 |  4- 6 |  7- 9 | 10-12 || total
-------------------------+-------+-------+-------+-------++-------
Melee: Mace              |    48 |       |       |       ||    48
       Whip              |    71 |   112 |   158 |       ||   341
       Giant spiked club |       |       |   171 |    83 ||   254
       Giant club        |       |       |     1 |       ||     1
Throw: Stone             |    25 |    46 |    10 |       ||    81
       Large rock        |       |     1 |    14 |       ||    15
       Boomerang         |       |       |       |     4 ||     4
Invok: Berserk           |     5 |     5 |     5 |     2 ||    17
  Use: Scroll            |     4 |     1 |     3 |       ||     8
       Potion            |       |     1 |     3 |       ||     4
 Stab: Sleeping          |       |       |     1 |       ||     1
Armor: Animal skin       |    31 |     9 |       |       ||    40
       Robe              |       |    22 |    74 |    15 ||   111
Dodge: Dodged            |    51 |    55 |   124 |    46 ||   276
Block: Other             |       |       |    47 |    18 ||    65
       Reflection        |       |       |     1 |       ||     1
